 Dungeon Crawl Stone Soup version 0.31-a0-83-gbff143cfd1 (webtiles) character file.

Game seed: 10020417628796068531

813 Sobieck the Vexing (level 7, 0/36 HPs)
             Began as a Deep Elf Conjurer on May 24, 2023.
             Slain by Duvessa
             ... wielding a +0 rapier
              (10 damage)
             ... on level 5 of the Dungeon.
             The game lasted 00:08:22 (5191 turns).

Sobieck the Vexing (Deep Elf Conjurer)              Turns: 5191, Time: 00:08:23

Health: 0/36       AC:  4    Str:  4    XL:     7   Next: 61%
Magic:  13/18      EV: 12    Int: 25    God:
Gold:   212        SH:  0    Dex: 13    Spells: 7/18 levels left

rFire   + . .        l - staff of fire
rCold   + . .        (no shield)
rNeg    . . .        a - +0 robe
rPois   .            j - +1 hat
rElec   .            (no cloak)
rCorr   .            i - +0 pair of gloves
SInv    .            (no boots)
Will    .....        (no amulet)
Stlth   +            c - ring of protection from cold
HPRegen 0.26/turn    (no ring)
MPRegen 0.16/turn

%: no passive effects
@: confused, ambrosia-drunk, very slightly contaminated
A: no striking features
a: no special abilities


You were on level 5 of the Dungeon.
You visited 1 branch of the dungeon, and saw 5 of its levels.

You collected 212 gold pieces.

Inventory:

Missiles
 Z - 2 throwing nets
Armour
 a - a +0 robe (worn)
 d - a +0 kite shield
 i - a +0 pair of gloves (worn)
 j - a +1 hat (worn)
Magical Staves
 l - a staff of fire (weapon)
Jewellery
 c - a ring of protection from cold (left hand)
 r - an amulet of faith
 s - a ring of see invisible
Wands
 D - a wand of digging (3)
Scrolls
 f - a scroll of noise {unknown}
 h - 3 scrolls of fog
 T - a scroll of teleportation
Potions
 b - a potion of magic
 e - 2 potions of attraction {unknown}
 m - a potion of haste {unknown}
 o - 3 potions of ambrosia
 q - a potion of degeneration {unknown}
 Q - 5 potions of curing


   Skills:
 - Level 2.4 Dodging
 - Level 2.4 Stealth
 + Level 6.2 Spellcasting
 + Level 6.3 Conjurations
 * Level 7.6 Hexes
 + Level 1.6 Translocations


You had 7 spell levels left.
You knew the following spells:

 Your Spells              Type           Power      Damage    Failure   Level
a - Magic Dart            Conj           100%       1d8       1%          1
b - Searing Ray           Conj           78%        2d7       1%          2
c - Fulminant Prism       Conj/Hex       19%        3d11      5%          4
d - Iskenderun's Mystic   Conj/Tloc      23%        2d6       19%         4

Your spell library contained the following spells:

 Spells                   Type           Power      Damage    Failure   Level
 Dazzling Flash           Conj/Hex       76%        N/A       1%          3
 Summon Guardian Golem    Hex/Summ       23%        N/A       6%          3
 Summon Small Mammal      Summ           28%        N/A       8%          1
 Cigotuvi's Dreadful Rot  Necr/Pois/Air  4%         N/A       17%         2
 Call Canine Familiar     Summ           7%         N/A       22%         3
 Ignite Poison            Fire/Tmut/Pois 3%         N/A       32%         3
 Freezing Cloud           Conj/Ice/Air   6%         6-21      78%         5


Dungeon Overview and Level Annotations

Branches:
Dungeon (5/15)
 Temple: D:4-7

Altars:
Elyvilon
Zin
The Shining One

Shops:
D:5 :

Annotations:
D:5 Duvessa


Message History

Duvessa hits your fulminant prism but does no damage.
Your fulminant prism explodes!
The blast of energy engulfs Duvessa!
Duvessa is moderately wounded.
Casting: Fulminant Prism (quite dangerous; 6% risk of failure)
Confirm with . or Enter, or press ? or * to list all spells.
The spell is quite dangerous to miscast (6% risk of failure)!
Continue anyway?
Aiming: Fulminant Prism (quite dangerous; 6% risk of failure)
Press: ? - help, Dir - move target You miscast Fulminant Prism.
You are very lightly contaminated with residual magic.
Nothing appears to happen.
Danger!
Unknown command.
Casting: Fulminant Prism (quite dangerous; 6% risk of failure)
Confirm with . or Enter, or press ? or * to list all spells.
The spell is quite dangerous to miscast (6% risk of failure)!
Continue anyway?
Aiming: Fulminant Prism (quite dangerous; 6% risk of failure)
Press: ? - help, Dir - move target You conjure a prism of explosive energy!
A fulminant prism comes into view.
Your fulminant prism crackles loudly.
There is a stone staircase leading down here.
Your fulminant prism explodes!
The blast of energy engulfs Dowan!!
You kill Dowan!
Duvessa screams in rage.
Duvessa goes berserk!
The blast of energy engulfs Duvessa.
Duvessa is heavily wounded.
Casting: Fulminant Prism (quite dangerous; 5% risk of failure)
Confirm with . or Enter, or press ? or * to list all spells.
The spell is quite dangerous to miscast (19% risk of failure)!
Continue anyway?
You erupt in a blast of force!
The mystic blast hits Duvessa but does no damage.
Duvessa is heavily wounded.
Duvessa hits you with a +0 rapier!!
Ouch! That really hurt!
Duvessa hits you with a +0 rapier!
* * * LOW HITPOINT WARNING * * *
Unknown command.
Okay, then.
Unknown command.
It was a potion of ambrosia.
You are confused.
You feel invigorated. Duvessa misses you.
Unknown command.
Unknown command.
Duvessa barely misses you. Duvessa hits you with a +0 rapier!
You die...

##...#.#.#.#....#
#.#
####...#.#......#
#.#
.......[.####)..####
#.#
####...#...........#
#.#
#.#.##..........#
#.#
#.#..+..........#
#.#
#+##.####....#)....#
#.# ...#.#
#.e..##e...# #.#
...'.# #e#####.@..#
#.# #e####.# #....#
#.# ####.#....#
#....# #[#
.....#.#### #....#
#.# #....e.# #....#
#.# ######## ##.###
#.# #.# #.# #.# #.#
#.# #.#


You could see Duvessa (berserk).

Vanquished Creatures
  Sigmund (D:3)
  A black bear (D:5)
  A gnoll sergeant (D:5)
  Dowan (D:5)
  A hound (D:4)
  A jelly (D:5)
  2 orc priests
  Ijyb (D:5)
  An iguana (D:3)
  6 orc wizards
  4 gnolls (D:5)
  4 adders
  4 dart slugs
  10 orcs
  9 ball pythons
  3 bats
  An endoplasm (D:2)
  6 goblins
  6 hobgoblins
  5 jackals (D:4)
  A quokka (D:5)
  A frilled lizard (D:1)
  5 kobolds
  6 rats
81 creatures vanquished.

Vanquished Creatures (others)
  23 fulminant prisms
23 creatures vanquished.

Grand Total: 104 creatures vanquished

Notes
Turn   | Place    | Note
-------+----------+-------------------------------------------
     0 | D:1      | Sobieck the Deep Elf Conjurer began the quest for the Orb.
     0 | D:1      | Reached XP level 1. HP: 10/10 MP: 6/6
   167 | D:1      | Reached skill level 1 in Hexes
   279 | D:1      | Reached XP level 2. HP: 15/15 MP: 5/8
   405 | D:1      | Reached skill level 2 in Hexes
   742 | D:2      | Found a faded altar of an unknown god.
  1089 | D:2      | Reached XP level 3. HP: 19/19 MP: 8/10
  1562 | D:2      | Learned a level 2 spell: Searing Ray
  1633 | D:3      | Reached skill level 3 in Hexes
  1708 | D:3      | Reached XP level 4. HP: 16/24 MP: 3/12
  1710 | D:3      | Reached skill level 4 in Hexes
  1807 | D:2      | Learned a level 4 spell: Fulminant Prism
  1897 | D:3      | Reached XP level 5. HP: 28/28 MP: 4/13
  2425 | D:3      | Noticed Sigmund
  2430 | D:3      | Killed Sigmund
  2431 | D:3      | Reached skill level 5 in Hexes
  2431 | D:3      | Reached XP level 6. HP: 27/32 MP: 6/15
  2796 | D:4      | Reached skill level 6 in Hexes
  3005 | D:4      | Found a glowing golden altar of the Shining One.
  3005 | D:4      | Found a white marble altar of Elyvilon.
  3007 | D:4      | Found a glowing silver altar of Zin.
  3783 | D:5      | Entered Level 5 of the Dungeon
  4040 | D:5      | Reached skill level 6 in Conjurations
  4040 | D:5      | Reached XP level 7. HP: 36/36 MP: 10/17
  4096 | D:5      | Learned a level 4 spell: Iskenderun's Mystic Blast
  4180 | D:5      | Found Plog's Book Shoppe.
  4220 | D:5      | Reached skill level 7 in Hexes
  4428 | D:5      | Noticed Ijyb
  4434 | D:5      | Killed Ijyb
  4598 | D:5      | Reached skill level 6 in Spellcasting
  4598 | D:5      | Reached skill level 1 in Translocations
  5169 | D:5      | Noticed Duvessa
  5169 | D:5      | Noticed Dowan
  5188 | D:5      | Killed Dowan
  5189 | D:5      | HP: 1/36 [Duvessa/+0 rapier (16)]
  5191 | D:5      | Slain by Duvessa

Illustrated notes

Levels and vault maps discovered:
D:1:      grunt_arrival_lava_bath, layout_basic
D:2:      layout_basic, chequers_ecumenical_altar_grove,
          minmay_misc_feat_ornament
D:3:      layout_basic, uniq_sigmund
D:4:      layout_loops_ring, good_gods_temple_1, minmay_misc_feat_x
D:5:      dreamdust_elfheim, layout_basic, nicolae_overflow_hallway_of_the_gods,
          serial_shops, shop, uniq_eustachio, uniq_ijyb, uniq_edmund

Skill      XL: |  1  2  3  4  5  6  7 |
---------------+----------------------+-----
Hexes          | 1 2 3 4 5 6 7 |  7.6
Spellcasting   | 4 5 6 |  6.2
Conjurations   | 5 6 |  6.3
Translocations | 1 |  1.6
Dodging        | |  2.4
Stealth        | |  2.4

Action                     |  1- 3 |  4- 6 |  7- 9 || total
---------------------------+-------+-------+-------++-------
  Melee: Staff             |       |     3 |       ||     3
   Cast: Magic Dart        |    56 |    45 |    24 ||   125
         Searing Ray       |     3 |     9 |     3 ||    15
         Fulminant Prism   |       |    13 |    10 ||    23
         Iskenderun's Myst |       |       |     1 ||     1
    Use: Scroll            |       |     7 |       ||     7
         Potion            |       |       |     1 ||     1
 Armour: Robe              |       |     4 |       ||     4
  Dodge: Dodged            |     4 |    10 |     3 ||    17

Table legend: (Time is in decaauts)
 A = Elapsed time spent in this place.
 B = Non-inter-level travel time spent in this place.
 C = Inter-level travel time spent in this place.
 D = Time resting spent in this place.
 E = Time spent auto-exploring this place.
 F = Levels seen in this place.
 G = Mean time per level.
                   A        B        C        D        E       F      G
               +--------+--------+--------+--------+--------+-----+--------+
         Total |   5196 |   5111 |     85 |    377 |   4186 |   5 | 1039.2 |
       Dungeon |   5196 |   5111 |     85 |    377 |   4186 |   5 | 1039.2 |
               +--------+--------+--------+--------+--------+-----+--------+

Top non-repeatable levels by time:
     D:5: 1352 daAuts
     D:4: 1132 daAuts
     D:3: 1056 daAuts
     D:2: 943 daAuts
     D:1: 712 daAuts
